AoeStats
← leoxantho

Arena

509657233Analyzed
1v1 RM · 6d ago on Sep 27, 2026· 44m 15s· 2 players
Game mode
Random Map
Map size
Tiny (2 player)
Population
200
Speed
Normal
Resources
Standard
Victory
Conquest
Starting age
Dark Age
Ending age
Imperial Age
RankedLock teamsTeams togetherTeam positionsShared explorationLock speedFull tech treeHidden civsTurbo modeCheats
Victory
Defeat
🇬🇷 Lithuanians · Greece
594
+18
🇦🇷 Cumans · Argentina
636
-18
leoxantho
10:22 Feudal Age
15:42 Castle Age
15:19 Double-Bit Axe
15:15 Horse Collar
18:48 Husbandry
25:46 Bloodlines
27:08 Forging
27:03 Scale Barding Armor
28:40 Heavy Plow
28:53 Bow Saw
33:33 Imperial Age
31:40 Wheelbarrow
30:50 Town Watch
31:48 Gold Mining
31:51 Stone Mining
33:46 Iron Casting
33:54 Cavalier
36:01 Chain Barding Armor
35:32 Fletching
37:32 Paladin
39:12 Crop Rotation
43:08 Plate Barding Armor
42:32 Bodkin Arrow
LandwardLake875
13:17 Feudal Age
14:53 Double-Bit Axe
19:15 Castle Age
19:42 Horse Collar
20:14 Town Watch
20:46 Fletching
22:10 Gold Mining
24:14 Town Patrol
25:21 Steppe Husbandry
27:11 Pikeman
30:46 Bodkin Arrow
33:06 Thumb Ring
33:06 Squires
36:27 Capped Ram
42:16 Imperial Age
40:44 Arson
41:49 Forging
41:46 Scale Barding Armor
44:07 Chemistry
Connection lost

Rejoining the realm…

Still unreachable

The connection could not be restored.

Session expired

The server has moved on; the page needs a fresh start.